 Dungeon Crawl Stone Soup version 0.21-a0-404-g291f19a (webtiles) character file.

11692 Watercandle the Cleaver (level 11, -3/97 HPs)
             Began as a Minotaur Berserker on Oct 26, 2017.
             Was a High Priest of Trog.
             Slain by a basilisk (8 damage)
             ... on level 3 of the Lair of Beasts on Oct 27, 2017.
             The game lasted 01:31:10 (8300 turns).

Watercandle the Cleaver (Minotaur Berserker)        Turns: 8300, Time: 01:31:11

Health: -3/97      AC: 20    Str: 25    XL:     11   Next: 52%
Magic:  3/3        EV: 14    Int:  4    God:    Trog [*****.]
Gold:   572        SH:  0    Dex: 10    Spells: 10/10 levels left

rFire    + . .     SeeInvis .   W - +3 war axe (antimagic)
rCold    . . .     Gourm    .   (no shield)
rNeg     . . .     Faith    +   y - +1 plate armour {rF+}
rPois    +         Spirit   .   (helmet restricted)
rElec    .         Reflect  .   P - +1 cloak
rCorr    .         Harm     .   (no gloves)
MR       .....                  X - +0 pair of boots
Stlth    ..........             t - amulet of faith
HPRegen  0.26/turn              G - ring of poison resistance
MPRegen  0.08/turn              k - +5 ring of evasion

@: about to teleport, berserk cooldown
A: retaliatory headbutt, horns 2
a: Berserk, Trog's Hand, Brothers in Arms, Burn Spellbooks, Renounce Religion


You were on level 3 of the Lair of Beasts.
You worshipped Trog.
Trog was extremely pleased with you.
You were not hungry.

You visited 2 branches of the dungeon, and saw 11 of its levels.

You collected 572 gold pieces.

Inventory:

Hand Weapons
 m - a +2 dagger of venom
 q - a +1 dagger of speed
 r - a +3 battleaxe of venom
 w - a +3 short sword of venom
 W - a +3 antimagic war axe (weapon)
Missiles
 o - 14 tomahawks of returning (quivered)
Armour
 x - a +2 robe of the Archmagi
 y - a +1 plate armour of fire resistance (worn)
 N - a +1 cloak
 P - a +1 cloak (worn)
 X - a +0 pair of boots (worn)
Magical Staves
 Z - an uncursed staff of wizardry {unknown}
Jewellery
 b - an uncursed amulet of regeneration
 j - a +5 ring of intelligence
 k - a +5 ring of evasion (right hand)
 t - an amulet of faith (around neck)
 D - an uncursed amulet of faith
 G - a ring of poison resistance (left hand)
 S - an uncursed ring of ice
Wands
 a - a wand of disintegration (12/24)
 i - a wand of iceblast (8/15)
 z - a wand of flame (21/48)
 A - a wand of enslavement (19/24)
 H - a wand of disintegration (11/24)
 J - a wand of random effects (30/48)
 Y - a wand of disintegration (10/24)
Scrolls
 d - 2 scrolls of identify
 e - 2 scrolls of teleportation
 p - 2 scrolls of amnesia
 u - 8 scrolls of remove curse
 L - a scroll of acquirement {unknown}
 M - a scroll of silence {unknown}
 O - a scroll of random uselessness {unknown}
 Q - a scroll of enchant armour
 R - 2 scrolls of recharging
 T - a scroll of summoning {unknown}
 U - 2 scrolls of magic mapping {unknown}
Potions
 l - a potion of ambrosia {unknown}
 n - a potion of curing
 s - a potion of lignification {unknown}
 v - a potion of heal wounds {unknown}
 C - 2 potions of brilliance {unknown}
 E - a potion of degeneration {unknown}
 F - 2 potions of berserk rage {unknown}
 V - a potion of cancellation {unknown}
Comestibles
 c - 11 bread rations
 f - 9 fruits
 g - 4 meat rations
 B - 2 royal jellies


   Skills:
 + Level 9.5 Fighting
 - Level 3.5 Short Blades
 + Level 12.5(13.2) Axes
   Level 7.3(10.9) Maces & Flails
 + Level 11.1 Armour
 + Level 5.5 Dodging
 - Level 4.2 Stealth


You had 10 spell levels left.
You didn't know any spells.

Dungeon Overview and Level Annotations

Branches:
Dungeon (8/15)             Temple (0/1) D:4            Lair (3/6) D:8
  Swamp: Lair:2-4    Shoals: Lair:2-4     Snake: Lair:2-4    Spider: Lair:2-4

Altars:
Gozag
Kikubaaqudgha
Makhleb
Nemelex Xobeh
Okawaru
Qazlal
Ru
Sif Muna
Uskayaw
Vehumet
Xom
Yredelemnul

Portals:
Bailey: D:7

Annotations:
D:4 exclusion: statue


Innate Abilities, Weirdness & Mutations

You reflexively headbutt those who attack you in melee.
You have a pair of horns on your head.


Message History

The dream sheep misses you. The dream sheep barely misses you.
The water moccasin bites you.
* * * LOW HITPOINT WARNING * * *
The dream sheep bites you.
* * * LOW HITPOINT WARNING * * *
The basilisk gazes at you. You resist with some effort.
The dream sheep closely misses you. You furiously retaliate!
You headbutt the dream sheep. The dream sheep closely misses you.
Okay, then.
As you read the scroll of teleportation, it crumbles to dust.
You feel strangely unstable.
The water moccasin completely misses you.
The dream sheep bites you but does no damage.
Your ogre hits the dream sheep with a giant club!!!
The dream sheep dies!
Trog accepts your kill.
The water moccasin bites you but does no damage.
The basilisk bites you!
You die...

#........# ##.....
#.....<..# ....8..
#.......## ##l8.....
#.......# #.....8..
##......## .........
#......## #####.8.8.?.8
#......## #..##........
###....†###Y†.#.....8..
#..#..SY@Y.....8.....
#P.##...lS.........8.(
#####...SF.O..........
#........†.........
##...#.............
....#.###..........
....... ...........
......# ..........
..... .......


You could see a spiny frog, a basilisk, 2 water moccasins, 3 dream sheep, an
adder and a friendly ogre (berserk).

Vanquished Creatures
  A hydra (Lair:3)
  A two-headed ogre (D:8)
  Sonja (Lair:2)
  Nergalle (Lair:2)
  2 wolf spiders (Lair:2)
  Maurice (D:8)
  Psyche (D:8)
  3 spiny frogs
  3 komodo dragons
  The ghost of zodiak12 the Skirmisher, an amateur DrFi (D:4)
  3 dream sheep (Lair:3)
  4 hippogriffs
  A yak (D:8)
  A wyvern (Lair:1)
  Grum (D:8)
  4 basilisks
  2 water moccasins (Lair:1)
  3 orc warriors
  5 porcupines
  2 black bears
  A necrophage (D:8)
  4 ogres
  An eye of draining (D:8)
  A phantom (D:4)
  2 wolves (D:8)
  2 centaurs
  3 crocodiles
  Blork the orc (D:5)
  A big kobold (D:8)
  4 bullfrogs
  An electric eel (Lair:1)
  4 crimson imps
  A bullfrog zombie (D:5)
  A hound (D:8)
  6 orc wizards
  5 iguanas
  4 worker ants
  A worker ant zombie (D:8)
  3 gnolls (D:7)
  20 adders
  4 shadow imps
  2 oozes
  An adder skeleton (D:4)
  2 dart slugs
  3 worms
  4 leopard geckos
  20 orcs
  A giant cockroach (D:2)
  10 goblins
  4 hobgoblins
  7 jackals
  10 kobolds
  6 quokkas
  2 ball pythons (D:3)
  8 bats
  2 frilled lizards
  2 quokka skeletons
  4 rats
  A bush (Lair:1)
  5 fungi (D:8)
  6 plants (D:8)
211 creatures vanquished.

Vanquished Creatures (collateral kills)
  A dream sheep (Lair:3)
1 creature vanquished.

Vanquished Creatures (others)
  2 fungi
  3 plants (Lair:2)
5 creatures vanquished.

Grand Total: 217 creatures vanquished

Notes
Turn   | Place    | Note
-------+----------+-------------------------------------------
     0 | D:1      | Watercandle the Minotaur Berserker began the quest for the Orb.
     0 | D:1      | Reached XP level 1. HP: 19/19 MP: 0/0
   378 | D:1      | Reached XP level 2. HP: 27/27 MP: 1/1
   824 | D:2      | Found a basalt altar of Yredelemnul.
   850 | D:2      | Found a sparkling altar of Nemelex Xobeh.
   929 | D:2      | Reached XP level 3. HP: 29/33 MP: 2/2
  1045 | D:2      | Reached ** piety under Trog
  1105 | D:2      | Reached skill level 1 in Stealth
  1344 | D:3      | Found a sparkling altar of Nemelex Xobeh.
  1593 | D:3      | Reached XP level 4. HP: 40/40 MP: 3/3
  1762 | D:3      | Found a burning altar of Makhleb.
  1801 | D:3      | Found a hide-covered altar of Uskayaw.
  2190 | D:4      | Found a sacrificial altar of Ru.
  2212 | D:4      | Reached XP level 5. HP: 47/47 MP: 4/4
  2275 | D:4      | Noticed a phantom
  2290 | D:4      | Killed a phantom
  2290 | D:4      | Reached skill level 5 in Maces & Flails
  2442 | D:4      | Reached XP level 6. HP: 44/53 MP: 5/5
  2608 | D:4      | Noticed zodiak12's ghost (amateur DrFi)
  2620 | D:4      | Killed zodiak12's ghost
  2641 | D:4      | Found a radiant altar of Vehumet.
  2670 | D:4      | Found a staircase to the Ecumenical Temple.
  2710 | D:4      | Found a deep blue altar of Sif Muna.
  2848 | D:5      | Entered Level 5 of the Dungeon
  2854 | D:5      | Reached XP level 7. HP: 60/60 MP: 6/6
  2877 | D:5      | Reached skill level 5 in Fighting
  2879 | D:5      | Reached *** piety under Trog
  2888 | D:5      | Noticed Blork the orc
  2916 | D:5      | Killed Blork the orc
  2916 | D:5      | Reached skill level 5 in Armour
  2932 | D:5      | Found a sand-covered staircase.
  2977 | D:5      | Found an iron altar of Okawaru.
  3685 | D:5      | Found an ancient bone altar of Kikubaaqudgha.
  3905 | D:6      | Found an opulent altar of Gozag.
  3919 | D:6      | Reached skill level 1 in Short Blades
  3931 | D:6      | Reached XP level 8. HP: 13/69 MP: 7/7
  4399 | D:6      | Reached **** piety under Trog
  4651 | D:6      | Found a shimmering altar of Xom.
  4673 | D:6      | Found a burning altar of Makhleb.
  4673 | D:6      | Found an iron altar of Okawaru.
  4697 | D:6      | Found an iron altar of Okawaru.
  4697 | D:6      | Found a white marble altar of Elyvilon.
  4697 | D:6      | Found a basalt altar of Yredelemnul.
  4804 | D:7      | Found a stormy altar of Qazlal.
  4998 | D:7      | Noticed a hippogriff
  5006 | D:7      | Killed a hippogriff
  5006 | D:7      | Reached skill level 2 in Axes
  5014 | D:7      | Found a flagged portal.
  5049 | D:7      | Reached skill level 3 in Axes
  5084 | D:7      | Reached ***** piety under Trog
  5221 | D:8      | Reached XP level 9. HP: 78/78 MP: 8/8
  5228 | D:8      | Reached skill level 4 in Axes
  5233 | D:8      | Reached skill level 5 in Dodging
  5234 | D:8      | Reached skill level 5 in Axes
  5260 | D:8      | Reached skill level 6 in Axes
  5267 | D:8      | Noticed Maurice
  5362 | D:8      | Killed Maurice
  5645 | D:8      | Reached skill level 7 in Axes
  5689 | D:8      | Noticed Grum
  5714 | D:8      | Killed Grum
  5891 | D:8      | Noticed a two-headed ogre
  5898 | D:8      | Killed a two-headed ogre
  5898 | D:8      | Reached skill level 8 in Axes
  5898 | D:8      | Reached XP level 10. HP: 86/86 MP: 9/9
  5926 | D:8      | Noticed Psyche
  5933 | D:8      | Killed Psyche
  5933 | D:8      | Reached skill level 9 in Axes
  6108 | D:8      | Found a staircase to the Lair.
  6116 | Lair:1   | Entered Level 1 of the Lair of Beasts
  6219 | Lair:1   | Noticed a spiny frog
  6233 | Lair:1   | Killed a spiny frog
  6295 | Lair:1   | Reached skill level 10 in Axes
  6484 | Lair:1   | Received a gift from Trog
  6542 | Lair:1   | Noticed a spiny frog
  6551 | Lair:1   | Killed a spiny frog
  7065 | Lair:2   | Noticed a spiny frog
  7075 | Lair:2   | Killed a spiny frog
  7142 | Lair:2   | Reached skill level 11 in Axes
  7144 | Lair:2   | Noticed a wolf spider
  7152 | Lair:2   | Noticed a wolf spider
  7156 | Lair:2   | Killed a wolf spider
  7165 | Lair:2   | Killed a wolf spider
  7165 | Lair:2   | Reached skill level 10 in Armour
  7165 | Lair:2   | Reached XP level 11. HP: 23/97 MP: 3/10
  7470 | Lair:2   | Noticed Nergalle
  7481 | Lair:2   | Killed Nergalle
  7594 | Lair:2   | Noticed Sonja
  7624 | Lair:2   | Killed Sonja
  8242 | Lair:3   | Noticed a four-headed hydra
  8259 | Lair:3   | Killed a seven-headed hydra
  8259 | Lair:3   | Reached skill level 12 in Axes
  8300 | Lair:3   | Slain by a basilisk

Vault maps used:
D:1:      scummos_arrival_gate
D:2:      yredelemnul_altar_generic, nemelex_altar_shiori
D:3:      old_standard_altar, eat_drink_and_be_merry_uskayaw,
          old_standard_altar, minmay_unequal
D:4:      vehumet_statue, lemuel_blue_sif_altar,
          minmay_temple_entry_statues_pillars, first_bread,
          minmay_misc_feat_four_crosses, nicolae_ru_sacrificial_ziggurat
D:5:      lemuel_round_altar, kennysheep_little_box,
          nicolae_ossuary_entry_ruins, uniq_blork_the_orc
D:6:      doesnt_xom_only_xom, grunt_gozag_statues
D:7:      nicolae_overflow_crystal_walls, lightli_bailey_entry_fortress,
          grunt_ogre_cave
D:8:      grunt_lair_entry_orc_guard_hut, uniq_grum, uniq_psyche, uniq_maurice
Lair:1:   serial_bayou_ford_a, hangedman_lair_generics_rect
Lair:2:   minmay_lair_venomous_thicket, uniq_nergalle, uniq_sonja
Lair:3:   elwin_shoals_entry_stream, minmay_snake_entry_six_corridors,
          minivault_23, kennysheep_basilisk_garden

Skill      XL: |  1  2  3  4  5  6  7  8  9 10 11 |
---------------+----------------------------------+-----
Fighting       | 4 5 6 7 9 |  9.5
Maces & Flails | 4 5 7 |  7.3
Armour         | 3 4 5 6 8 10 11 | 11.1
Stealth        | 1 2 3 4 |  4.2
Dodging        | 3 4 5 |  5.5
Short Blades   | 1 3 |  3.5
Axes           | 3 8 11 12 | 12.5

Action                   |  1- 3 |  4- 6 |  7- 9 | 10-12 || total
-------------------------+-------+-------+-------+-------++-------
Melee: Mace              |    97 |    84 |    25 |       ||   206
       Headbutt          |    10 |     9 |    57 |    31 ||   107
       Short sword       |       |       |   132 |       ||   132
       Battleaxe         |       |       |   142 |    73 ||   215
       War axe           |       |       |       |    98 ||    98
Throw: Tomahawk          |       |       |       |     1 ||     1
Invok: Berserk           |       |     1 |     2 |     6 ||     9
       Trog's Hand       |       |       |     1 |     2 ||     3
       Burn Spellbooks   |       |       |     1 |       ||     1
       Brothers in Arms  |       |       |     1 |     1 ||     2
  Use: Scroll            |     2 |     1 |    13 |     3 ||    19
       Potion            |       |       |     1 |     1 ||     2
 Stab: Sleeping          |       |     1 |     1 |       ||     2
  Eat: Chunk             |     2 |     2 |     8 |     8 ||    20
       Fruit             |       |     1 |       |     1 ||     2
       Meat ration       |       |     1 |       |     1 ||     2
       Royal jelly       |       |       |     1 |     2 ||     3
Armor: Animal skin       |     3 |       |       |       ||     3
       Ring mail         |    29 |    17 |    33 |       ||    79
       Plate armour      |       |       |    73 |   154 ||   227
Dodge: Dodged            |    96 |    54 |   174 |   184 ||   508

Table legend:
 A = Spawn XP
 B = Non-spawn XP
 C = Spawn XP percentage of total XP
 D = Spawn monster count
 E = Non-spawn monster count
 F = Spawn count percentage of total count
 G = Total turns spent on level
                    A         B        C        D         E        F      G
               +---------+---------+-------+---------+---------+-------+---------
         Total |       0 |   16703 |   0.0 |       0 |     200 |   0.0 |  8300
               +---------+---------+-------+---------+---------+-------+---------
           D:1 |       0 |      26 |   0.0 |       0 |      14 |   0.0 |   824
           D:2 |       0 |      55 |   0.0 |       0 |      19 |   0.0 |   520
           D:3 |       0 |      88 |   0.0 |       0 |      18 |   0.0 |   811
           D:4 |       0 |     548 |   0.0 |       0 |      11 |   0.0 |   693
           D:5 |       0 |     638 |   0.0 |       0 |      17 |   0.0 |   957
           D:6 |       0 |     738 |   0.0 |       0 |      26 |   0.0 |   957
           D:7 |       0 |     668 |   0.0 |       0 |      20 |   0.0 |   426
           D:8 |       0 |    3913 |   0.0 |       0 |      33 |   0.0 |   928
        Lair:1 |       0 |    2739 |   0.0 |       0 |      14 |   0.0 |   947
        Lair:2 |       0 |    4658 |   0.0 |       0 |      19 |   0.0 |  1052
        Lair:3 |       0 |    2632 |   0.0 |       0 |       9 |   0.0 |   185
               +---------+---------+-------+---------+---------+-------+---------
